 Dungeon Crawl Stone Soup version 0.29.0-4-gdea44cf6ec (webtiles) character file.

Game seed: 3667528303991157407

18 qw the Chopper (level 2, 0/17 HPs)
             Began as a Tengu Warper on Aug 28, 2022.
             Succumbed to an adder's poison
             ... on level 2 of the Dungeon.
             The game lasted 00:00:04 (884 turns).

qw the Chopper (Tengu Warper)                        Turns: 884, Time: 00:00:05

Health: 0/17       AC:  5    Str: 11    XL:     2   Next: 70%
Magic:  6/6        EV: 10    Int: 13    God:
Gold:   24         SH:  0    Dex: 13    Spells: 5/5 levels left

rFire   . . .      SeeInvis .   Y - +1 hand axe
rCold   . . .      Faith    .   (no shield)
rNeg    . . .      Spirit   .   e - +0 ring mail
rPois   .          Reflect  .   (helmet restricted)
rElec   .          Harm     .   (no cloak)
rCorr   .          Rampage  .   (no gloves)
Will    .....                   (boots unavailable)
Stlth   +.........              (no amulet)
HPRegen 0.05/turn               (no ring)
MPRegen 0.10/turn               (no ring)

@: lethally poisoned (0 -> -7)
A: beak, talons 3
a: no special abilities


You were on level 2 of the Dungeon.
You visited 1 branch of the dungeon, and saw 2 of its levels.

You collected 24 gold pieces.


Innate Abilities, Weirdness & Mutations

You have a beak for a mouth.
You have claws for feet.


   Skills:
 - Level 2.0 Fighting
 + Level 3.5 Axes
 - Level 1.0 Throwing
 - Level 1.1 Armour
 - Level 2.1 Dodging
 - Level 2.0 Spellcasting
 - Level 2.4 Translocations


You had 5 spell levels left.
You didn't know any spells.
Your spell library contained the following spells:

 Spells                   Type           Power      Damage    Failure   Level
 Blink                    Tloc           14%        N/A       34%         2
 Gell's Gravitas          Tloc           7%         N/A       56%         3
 Lesser Beckoning         Tloc           7%         N/A       56%         3
 Teleport Other           Tloc           7%         N/A       56%         3
 Manifold Assault         Tloc           7%         N/A       99%         5

Inventory:

Hand Weapons
 d - a +0 club
 Y - a +1 hand axe (weapon)
Armour
 e - a +0 ring mail (worn)
Scrolls
 a - a scroll of teleportation {unknown}

Dungeon Overview and Level Annotations

Branches:
Dungeon (2/15)

Altars:


Message History

(2) D:1 Assign waypoint to what number? (0-9, D - delete waypoint) Waypoint 1 assigned to D:2.
There is a stone staircase leading up here.
Found a leather armour.
Found a book of Blood.
Found a stone staircase leading down.
a - a scroll labelled WOWUBI YMNYA You now have 24 gold pieces (gained 16).
An adder comes into view.
The adder moves out of view.
Enter note: You closely miss the adder.
Your peck misses the adder. The adder bites you but does no damage.
The adder barely misses you.
You barely miss the adder. The adder bites you. x2
You are poisoned.
The adder poisons you!
You hit the adder. You claw the adder, but do no damage.
The adder is heavily wounded.
You feel sick. The adder bites you but does no damage.
You closely miss the adder.
The adder is heavily wounded.
You feel sick. The adder bites you but does no damage. The adder misses you.
You barely miss the adder.
The adder is heavily wounded.
You feel sick.
You are no longer poisoned.
The adder bites you.
You hit the adder.
The adder is severely wounded.
The adder bites you but does no damage.
You barely miss the adder. Your peck misses the adder.
The adder is severely wounded.
The adder barely misses you. The adder bites you.
You are lethally poisoned!
The adder poisons you!
You miss the adder. Your peck misses the adder.
The adder is severely wounded.
You die...

.....# ..
###.....# ...
#........ ....
####.....# ....#
#........#
.....##........#
...............#
$.....S.###....#
.......@# #....##
...#...!# #.....#
.. ####.###.....#
. #.........###
...##.......##
...##.....#..##.#
............>...#
............######
#.........:#


You could see an adder.

Vanquished Creatures
  A dart slug (D:1)
  A ball python (D:1)
  2 giant cockroaches (D:1)
  2 goblins (D:1)
  2 hobgoblins (D:1)
  A quokka (D:1)
  3 frilled lizards (D:1)
  4 rats (D:1)
16 creatures vanquished.

Notes
Turn   | Place    | Note
-------+----------+-------------------------------------------
     0 | D:1      | qw the Tengu Warper began the quest for the Orb.
     0 | D:1      | Reached XP level 1. HP: 12/12 MP: 4/4
     0 | D:1      | 0 ||| qw: Version: 0.1-a-89-g26bdef1
     0 | D:1      | 0 ||| qw: Game counter: 2402
     0 | D:1      | 0 ||| qw: Always use a shield: true
     0 | D:1      | 0 ||| qw: God list: Okawaru
     0 | D:1      | 0 ||| qw: Allow faded altars: false
     0 | D:1      | 0 ||| qw: Do Orc after D:15 true
     0 | D:1      | 0 ||| qw: Do second Lair branch before Depths: true
     0 | D:1      | 0 ||| qw: Lair rune preference: random
     0 | D:1      | 0 ||| qw: Plans: Normal
     0 | D:1      | 0 ||| PLANNING D:1-11
   166 | D:1      | Found a faded altar of an unknown god.
   193 | D:1      | Reached XP level 2. HP: 17/17 MP: 6/6
   208 | D:1      | Reached skill level 3 in Axes
   818 | D:1      | 818 ||| UPGRADING to +0 ring mail.
   828 | D:1      | 828 ||| DROPPING +0 leather armour.
   829 | D:1      | 829 ||| READING 2 scrolls labelled UXTOIW SURE.
   830 | D:1      | 830 ||| READING scroll labelled VEXZIL PIGE.
   831 | D:1      | 831 ||| READING scroll labelled QURCHA PIPEITAE.
   832 | D:1      | 832 ||| READING scroll labelled VYN PARAHUOVEXI.
   833 | D:1      | 833 ||| DROPPING scroll of fog.
   834 | D:1      | 834 ||| DROPPING scroll of blinking.
   881 | D:2      | HP: 4/17 [adder (3)]
   884 | D:2      | Succumbed to an adder's poison

Levels and vault maps discovered:
D:1:      nzn_arrival_water_spiral, layout_rooms, basic_ecumenical_altar,
          minmay_tromino_v2
D:2:      layout_basic, serial_shops, nicolae_shop_behind_doors,
          chequers_garden, uniq_crazy_yiuf_cottage, uniq_robin

Skill      XL: |  1  2 |
---------------+-------+-----
Axes           | 3 |  3.5
Fighting       | |  2.0
Throwing       | |  1.0
Armour         | |  1.1
Dodging        | |  2.1
Spellcasting   | |  2.0
Translocations | |  2.4

Action                   || total
-------------------------++-------
Melee: Hand axe          ||    46
       Kick              ||     8
       Punch             ||     1
       Peck              ||     6
Throw: Boomerang         ||     7
  Use: Scroll            ||     4
Armor: Leather armour    ||     6
       Ring mail         ||     4
Dodge: Dodged            ||    16

Table legend:
 A = Non-vault XP
 B = Vault XP
 C = Vault XP percentage of total XP
 D = Non-vault monster count
 E = Vault monster count
 F = Vault count percentage of total count
                 A         B        C        D         E       F
            +---------+---------+-------+---------+---------+-------
      Total |      25 |       2 |   7.4 |      15 |       1 |   6.2
            +---------+---------+-------+---------+---------+-------
        D:1 |      25 |       2 |   7.4 |      15 |       1 |   6.2
            +---------+---------+-------+---------+---------+-------
